 Dungeon Crawl Stone Soup version 0.27-a0-1319-geec4fb4e21 (webtiles) character file.

Game seed: 10225615533478109764

150 flotson the Sneak (level 5, 0/42 HPs)
             Began as a Demonspawn Delver on June 21, 2021.
             Slain by Grinder (4 damage)
             ... while paralysed by Grinder
             ... on level 3 of the Dungeon.
             The game lasted 00:04:24 (3399 turns).

flotson the Sneak (Demonspawn Delver)               Turns: 3399, Time: 00:04:25

Health: 0/42       AC:  7    Str: 20    XL:     5   Next: 10%
Magic:  5/5        EV:  2    Int: 11    God:
Gold:   78         SH:  0    Dex: 14    Spells: 4/4 levels left

rFire    . . .     SeeInvis .   s - +2 club (spect)
rCold    . . .     Faith    .   (no shield)
rNeg     . . .     Spirit   .   b - +0 leather armour
rPois    .         Reflect  .   i - +0 helmet
rElec    .         Harm     .   (no cloak)
rCorr    .         Rampage  .   t - +0 pair of gloves
Will     .....                  (no boots)
Stlth    ++........             (no amulet)
HPRegen  0.14/turn              n - +6 ring of strength
MPRegen  0.09/turn              (no ring)

@: paralysed
A: molten scales 1, powered by pain 2
a: no special abilities


You were on level 3 of the Dungeon.
You visited 2 branches of the dungeon, and saw 6 of its levels.

You collected 78 gold pieces.

Inventory:

Hand Weapons
 a - a +0 hand axe
 k - a +0 trident
 s - a +2 spectral club (weapon)
Missiles
 h - 138 stones
 v - 6 poisoned darts (quivered)
Armour
 b - a +0 leather armour (worn)
 i - a +0 helmet (worn)
 t - a +0 pair of gloves (worn)
Jewellery
 n - a +6 ring of strength (left hand)
Wands
 g - a wand of digging (3)
Scrolls
 c - a scroll of fog
 d - 2 scrolls of magic mapping
 e - a scroll of fear
 f - a scroll of amnesia {unknown}
 j - 3 scrolls of teleportation {unknown}
 l - 3 scrolls of identify {unknown}
 m - a scroll of enchant weapon {unknown}
 p - a scroll of enchant armour {unknown}
 r - a scroll of vulnerability {unknown}
 u - a scroll of noise {unknown}
Potions
 o - 2 potions of curing {unknown}
 q - a potion of berserk rage {unknown}


   Skills:
 + Level 3.8 Fighting
 + Level 2.9 Axes
 + Level 0.0 Throwing
 + Level 1.9 Armour
 + Level 2.8 Dodging
 - Level 4.5 Stealth
 + Level 0.0 Evocations


You had 4 spell levels left.
You didn't know any spells.
Your spell library was empty.

Dungeon Overview and Level Annotations

Branches:
Dungeon (5/15)             Temple (1/1) D:4

Altars:
Ashenzari
Dithmenos
Elyvilon
Kikubaaqudgha
Makhleb
Nemelex Xobeh
Ru
Sif Muna
Vehumet
Xom
Yredelemnul

Annotations:
D:3 Grinder


Innate Abilities, Weirdness & Mutations

You are partially covered in molten scales. (AC +2)
You sometimes gain power by taking damage.


Message History

Okay, then.
Throw: 8 darts (poison)
Press: ? - help, Q - select action, (/) - cycle Shift-Dir - straight line, f/p - Grinder
Aim: Grinder (wandering, hasn't noticed you, 55% to hit)
You throw a poisoned dart.
The poisoned dart barely misses Grinder.
Grinder shouts!
Throw: 7 darts (poison)
Press: ? - help, Q - select action, (/) - cycle Shift-Dir - straight line, f/p - Grinder
Aim: Grinder (55% to hit)
You throw a poisoned dart. The poisoned dart hits Grinder.
Grinder is poisoned.
You hit Grinder but do no damage.
Grinder is lightly wounded.
Your spectral +2 spectral club closely misses Grinder.
Grinder hits you.
You writhe in agony.
You hit Grinder.
Grinder is lightly wounded.
Your spectral +2 spectral club hits Grinder!
Grinder gestures at you. You resist with significant effort.
You closely miss Grinder.
Grinder is moderately wounded.
Your spectral +2 spectral club hits Grinder.
Grinder hits you.
You writhe in agony.
You hit Grinder.
Grinder is heavily wounded.
Your spectral +2 spectral club hits Grinder!
Grinder hits you. Grinder gestures at you.
You suddenly lose the ability to move!
Grinder gestures at you.
You barely resist.
Grinder looks more healthy.
Grinder completely misses you. Grinder hits you!
You writhe in agony.
Grinder hits you.
* * * LOW HITPOINT WARNING * * *
You writhe in agony.
* * * LOW HITPOINT WARNING * * *
Grinder hits you.
You die...

#.#.# #.##.#........#..>#.#.#
#.#.# #.##.#......#####.#.#.#
#.#.# #.##.##########.#.#.#.#
#.#.# #.##..........#.#.#.#.#
....# ###.##########..#.#.#.#.#
.######......##. #....#.#.#.#
.≈....#.#.###.#.# ##..##.#.#.#
.≈..≈.≈.#####(#.#####...#.#.#.#
≈≈≈≈.≈≈≈≈ #..(5@.........#.#.#
≈≈≈≈≈≈≈≈≈ #.####.#.##.##.#.#.#
.≈.≈....# ##.......##.##.#.#.#
≈.≈..≈... #..........##.....#
.≈≈...### ####....###########
####### ##.###.## .#
########.## ##.#
.######......)<# #.#
.#.............# #.#


You could see Grinder.

Vanquished Creatures
  A centaur skeleton (D:3)
  Jessica (D:3)
  3 adders (D:2)
  2 dart slugs
  An orc (D:3)
  3 endoplasms
  3 giant cockroaches
  4 goblins
  4 hobgoblins
  9 jackals
  4 kobolds
  4 quokkas
  10 ball pythons
  A bat (D:1)
  4 frilled lizards
  5 rats
59 creatures vanquished.

Vanquished Creatures (others)
  4 toadstools (D:1)
4 creatures vanquished.

Grand Total: 63 creatures vanquished

Notes
Turn   | Place    | Note
-------+----------+-------------------------------------------
     0 | D:5      | flotson the Demonspawn Delver began the quest for the Orb.
     0 | D:5      | Reached XP level 1. HP: 18/18 MP: 1/1
    22 | D:4      | Noticed an iguana
    76 | D:4      | Found a staircase to the Ecumenical Temple.
    95 | Temple   | Entered the Ecumenical Temple
   403 | D:3      | Gained mutation: You are partially covered in molten
                  | scales. (AC +2) [demonic ancestry]
   403 | D:3      | Reached XP level 2. HP: 21/24 MP: 2/2
   428 | D:3      | Reached skill level 1 in Armour
   428 | D:3      | Gained mutation: You sometimes gain a little power by
                  | taking damage. [demonic ancestry]
   428 | D:3      | Reached XP level 3. HP: 23/29 MP: 3/3
   516 | D:3      | Noticed Grinder
   902 | D:1      | Found a faded altar of an unknown god.
  1457 | D:1      | Gained mutation: You sometimes gain power by taking damage.
                  | [demonic ancestry]
  1457 | D:1      | Reached XP level 4. HP: 35/35 MP: 4/4
  2952 | D:3      | Noticed Jessica
  2960 | D:3      | Killed Jessica
  2961 | D:3      | Reached XP level 5. HP: 39/42 MP: 5/5
  3394 | D:3      | Paralysed by Grinder for 6 turns
  3399 | D:3      | Slain by Grinder

Illustrated notes

Levels and vault maps discovered:
D:1:      ldierk_water_garden, layout_loops_corners,
          shapermc_ecumenical_altar_flowoftime
D:2:      layout_loops_ring
D:3:      layout_loops_ring, nicolae_gozag_cash_rules_everything_around_me,
          serial_co_window_serial, co_window_paths_b, co_window_corner_a,
          co_window_of_opportunity_a, co_window_cross_1, co_window_paths_a,
          co_window_corner_cb, co_window_corner_b, co_window_2corner,
          co_window_broadway_a, co_window_2corner, co_window_broadway_a,
          co_window_paths_c, glass_columns_c, glass_columns_a, minivault_26,
          chequers_serial_rivers_small_3, uniq_jessica, uniq_grinder
D:4:      layout_loops_corners, minmay_temple_entry_mist,
          nicolae_shop_clearance, uniq_sigmund
D:5:      layout_loops_cross, chequers_temple_overflow_minitemple,
          roderic_lattice_a
Temple:   chequers_temple_sunken

Skill      XL: |  1  2 |
---------------+-------+-----
Axes           | 2 |  2.9
Dodging        | 2 |  2.8
Armour         | 1 |  1.9
Fighting       | |  3.8
Stealth        | |  4.5

Action                   |  1- 3 |  4- 6 || total
-------------------------+-------+-------++-------
Melee: Trident           |   108 |    54 ||   162
       Hand axe          |     7 |       ||     7
       Club              |       |     8 ||     8
Throw: Dart              |       |     7 ||     7
       Stone             |       |     2 ||     2
  Use: Potion            |       |     1 ||     1
 Stab: Sleeping          |     5 |    10 ||    15
Armor: Leather armour    |    56 |    14 ||    70
Dodge: Dodged            |    72 |    30 ||   102

Table legend: (Time is in decaauts)
 A = Elapsed time spent in this place.
 B = Non-inter-level travel time spent in this place.
 C = Inter-level travel time spent in this place.
 D = Time resting spent in this place.
 E = Time spent auto-exploring this place.
 F = Levels seen in this place.
 G = Mean time per level.
                   A        B        C        D        E       F      G
               +--------+--------+--------+--------+--------+-----+--------+
         Total |   3495 |   3318 |    177 |     92 |   2667 |   6 |  582.5 |
       Dungeon |   3271 |   3110 |    161 |     92 |   2479 |   5 |  654.2 |
        Temple |    224 |    208 |     16 |      0 |    188 |   1 |  224.0 |
               +--------+--------+--------+--------+--------+-----+--------+

Top non-repeatable levels by time:
     D:1: 1224 daAuts
     D:2: 1012 daAuts
     D:3: 909 daAuts
  Temple: 224 daAuts
     D:4: 105 daAuts
     D:5: 19 daAuts
